 Dungeon Crawl Stone Soup version 0.27-a0-1319-geec4fb4e21 (webtiles) character file.

Game seed: 13114326466275120101

4500 Kold the Basher (level 10, -3/56 HPs)
             Began as a Gargoyle Fighter on June 21, 2021.
             Was a Follower of the Shining One.
             Engulfed by a cloud of flame (7 damage)
             ... on level 9 of the Dungeon.
             The game lasted 00:17:55 (11318 turns).

Kold the Basher (Gargoyle Fighter)                 Turns: 11318, Time: 00:17:55

Health: -3/56      AC: 25    Str: 22    XL:     10   Next: 38%
Magic:  10/10      EV:  8    Int: 10    God:    the Shining One [*.....]
Gold:   161        SH:  9    Dex:  9    Spells: 9/9 levels left

rFire    + . .     SeeInvis .   d - +1 morningstar (elec)
rCold    . . .     Faith    +   c - +0 kite shield
rNeg     + . .     Spirit   .   b - +0 scale mail
rPois    ∞         Reflect  .   (no helmet)
rElec    +         Harm     .   H - +2 cloak {Stlth+}
rCorr    .         Rampage  .   u - +1 pair of gloves
Will     .....                  C - +1 pair of boots
Stlth    +.........             B - amulet of faith
HPRegen  0.18/turn              l - ring of protection from fire
MPRegen  0.12/turn              o - +4 ring of protection

@: glowing
A: sickness immunity, AC +7, negative energy resistance 1, electricity
resistance, torment resistance 1, petrification resistance, sturdy frame 1
a: Renounce Religion


You were on level 9 of the Dungeon.
You worshipped the Shining One.
The Shining One was aware of your devotion.
You visited 2 branches of the dungeon, and saw 10 of its levels.

You collected 291 gold pieces.
You spent 130 gold pieces at shops.

Inventory:

Hand Weapons
 d - a +1 morningstar of electrocution (weapon)
 f - a +2 morningstar of holy wrath
 m - a +1 vorpal mace
 y - a +1 dire flail of protection
Missiles
 p - 5 throwing nets (quivered)
Armour
 b - a +0 scale mail (worn)
 c - a +0 kite shield (worn)
 u - a +1 pair of gloves (worn)
 v - a +0 tower shield
 C - a +1 pair of boots (worn)
 D - a +0 troll leather armour
 H - a +2 cloak of stealth (worn)
Jewellery
 l - a ring of protection from fire (left hand)
 o - a +4 ring of protection (right hand)
 A - a ring of protection from fire
 B - an amulet of faith (around neck)
 I - an amulet of regeneration
Wands
 x - a wand of iceblast (18)
Scrolls
 h - 2 scrolls of enchant weapon
 n - 6 scrolls of identify
 q - a scroll of enchant armour
 r - a scroll of vulnerability
 s - a scroll of noise
 J - a scroll of teleportation
Potions
 a - a potion of resistance {unknown}
 e - a potion of curing
 g - a potion of invisibility
 i - a potion of haste
 j - 2 potions of ambrosia
 E - a potion of brilliance {unknown}


   Skills:
 + Level 3.5 Fighting
 - Level 14.0 Maces & Flails
 + Level 3.5 Armour
 - Level 1.0 Dodging
 - Level 0.2 Stealth
 + Level 4.2 Shields


You had 9 spell levels left.
You didn't know any spells.
Your spell library contained the following spells:

 Spells                   Type           Power      Damage    Failure   Level
 Magic Dart               Conj           0%         1d3       95%         1
 Searing Ray              Conj           0%         3d3       99%         2
 Confusing Touch          Hex            0%         N/A       100%        3
 Dazzling Flash           Conj/Hex       0%         N/A       100%        3
 Gell's Gravitas          Tloc           0%         N/A       100%        3
 Fulminant Prism          Conj/Hex       0%         3d6       100%        4
 Iskenderun's Mystic Bla  Conj/Tloc      0%         2d3       100%        4
 Petrify                  Tmut/Erth      0%         N/A       100%        4
 Metabolic Englaciation   Hex/Ice        0%         N/A       100%        5
 Yara's Violent Unravell  Hex/Tmut       0%         3d3       100%        5


Dungeon Overview and Level Annotations

Branches:
Dungeon (9/15)             Temple (1/1) D:4
   Lair: D:8-11         Orc: D:9-12

Altars:
Ashenzari
Cheibriados
Dithmenos
Elyvilon
Fedhas
Gozag
Kikubaaqudgha
Makhleb
Nemelex Xobeh
Okawaru
Qazlal
Ru
Sif Muna
Trog
Uskayaw
Vehumet
Wu Jian
Xom
Yredelemnul
Zin
The Shining One

Shops:
D:4 ::   D:5 [   D:9 **

Annotations:
D:3 2 transporters, T2blue's ghost, amateur DDNe
D:6 2 transporters


Innate Abilities, Weirdness & Mutations

You are immune to sickness and miasma.
Your stone body is resilient. (AC +7)
You are immune to poison.
You resist negative energy. (rN+)
You are resistant to electric shocks. (rElec)
You are resistant to unholy torment.
You are immune to petrification.
Your movements are slightly less encumbered by armour. (ER -2)


Message History

The orc priest hits you but does no damage.
The killer bee barely misses you.
The orc wizard casts a spell.
The orc wizard flickers and vanishes for a moment.
The killer bee stings you but does no damage.
You hit the orc priest.
Flame seeps out of the orc priest.
Lightning courses through the orc priest!
Flame seeps out of the orc priest.
The orc priest is severely wounded.
The killer bee stings you but does no damage. x3
The killer bee closely misses you.
The killer bee stings you but does no damage.
The killer bee closely misses you.
The orc priest is engulfed in blazing flames.
The Shining One accepts your kill.
The orc priest explodes!
The fiery explosion engulfs the killer bee!! x2
The fiery explosion engulfs the orc!
The fiery explosion engulfs you. You resist.
The fiery explosion engulfs the orc wizard!!
The orc wizard explodes!
The fiery explosion engulfs the killer bee!!
The fiery explosion engulfs you but does no damage.
The fiery explosion engulfs the killer bee!! x2
The killer bee explodes!
The fiery explosion engulfs you! You resist.
The killer bee explodes! x2
The fiery explosion engulfs you! You resist.
* * * LOW HITPOINT WARNING * * *
The orc explodes!
The killer bee explodes!
The fiery explosion engulfs you. You resist.
* * * LOW HITPOINT WARNING * * *
The killer bee explodes!
The fiery explosion engulfs you but does no damage.
You hear a bellow!
Training target 14.0 for Maces & Flails reached!
Your Maces & Flails skill increases to level 14!
You need to enable at least one skill for training.
You are engulfed in blazing flames.
You resist.
You die...

#....#....#
'.........#
#........#
#........#
#........#
#...§§§..#
#..§§§§§.#
#..§§○§§§#
....
#...§@§§§#
...(
#...§§§§§#
...
+...§§§..#
.#######
##........#
.......
.......[..#
......
...........#
....#
...........#
....#
...........#
....#
..........#


There were no monsters in sight!

Vanquished Creatures
  Harold (D:7)
  Maurice (D:8)
  A troll (D:7)
  Eustachio (D:4)
  Edmund (D:5)
  Menkaure (D:5)
  Duvessa (D:5)
  2 orc warriors
  A sky beast (D:7)
  4 black bears
  2 necrophages
  2 centaurs
  A phantom (D:7)
  A bullfrog (D:6)
  A kobold brigand (D:9)
  A gnoll sergeant (D:8)
  A scorpion (D:5)
  A wyvern skeleton (D:7)
  Dowan (D:5)
  A water moccasin skeleton (D:7)
  3 wights (D:9)
  5 killer bees (D:9)
  A howler monkey (D:6)
  2 bullfrog zombies (D:6)
  2 centaur zombies
  Crazy Yiuf (D:4)
  A bullfrog skeleton (D:5)
  3 orc priests
  A centaur skeleton (D:6)
  2 hounds
  A jelly (D:7)
  Jessica (D:2)
  4 iguanas
  Terence (D:2)
  8 orc wizards
  A howler monkey zombie (D:5)
  7 gnolls
  A howler monkey skeleton (D:5)
  3 adders
  A shadow imp (D:6)
  A white imp (D:8)
  2 ufetubi (D:5)
  2 worms
  6 dart slugs
  20 orcs
  7 ball pythons
  4 endoplasms
  2 giant cockroaches (D:3)
  6 goblins
  10 hobgoblins
  11 jackals
  8 kobolds
  2 quokkas (D:1)
  4 bats
  5 rats
165 creatures vanquished.

Vanquished Creatures (others)
  5 plants (D:9)
5 creatures vanquished.

Grand Total: 170 creatures vanquished

Notes
Turn   | Place    | Note
-------+----------+-------------------------------------------
     0 | D:1      | Kold the Gargoyle Fighter began the quest for the Orb.
     0 | D:1      | Reached XP level 1. HP: 14/14 MP: 1/1
    97 | D:1      | Reached XP level 2. HP: 19/19 MP: 2/2
   123 | D:1      | Found a faded altar of an unknown god.
   769 | D:1      | Reached XP level 3. HP: 17/23 MP: 3/3
  1251 | D:2      | Noticed Jessica
  1258 | D:2      | Killed Jessica
  1259 | D:2      | Reached skill level 3 in Maces & Flails
  1353 | D:2      | Reached XP level 4. HP: 27/28 MP: 4/4
  1384 | D:2      | Reached skill level 1 in Dodging
  1520 | D:2      | Found a shadowy altar of Dithmenos.
  1796 | D:2      | Noticed Terence
  1811 | D:2      | Killed Terence
  1812 | D:2      | Reached skill level 4 in Maces & Flails
  2358 | D:3      | Reached XP level 5. HP: 28/32 MP: 5/5
  2424 | D:3      | Found a transporter.
  2424 | D:3      | Noticed T2blue's ghost (amateur DDNe)
  2431 | D:3      | Found a transporter.
  3259 | D:4      | Found an ancient bone altar of Kikubaaqudgha.
  3260 | D:4      | Found a shimmering blue altar of Sif Muna.
  3262 | D:4      | Found a blossoming altar of Fedhas.
  3263 | D:4      | Found a broken altar of Ashenzari.
  3263 | D:4      | Found a burning altar of Makhleb.
  3264 | D:4      | Found a radiant altar of Vehumet.
  3264 | D:4      | Found a white marble altar of Elyvilon.
  3420 | D:3      | Reached skill level 5 in Maces & Flails
  3602 | D:4      | Noticed Eustachio
  3631 | D:4      | Killed Eustachio
  3632 | D:4      | Reached skill level 6 in Maces & Flails
  3632 | D:4      | Reached XP level 6. HP: 21/37 MP: 6/6
  3895 | D:4      | Found Kepumoas's Book Shop.
  3912 | D:4      | Found a staircase to the Ecumenical Temple.
  3929 | D:4      | Found Soubbouc's Book Shop.
  3941 | Temple   | Entered the Ecumenical Temple
  4329 | D:4      | Found a runed translucent door.
  4330 | D:4      | Noticed Crazy Yiuf
  4712 | D:5      | Entered Level 5 of the Dungeon
  4725 | D:5      | Reached XP level 7. HP: 24/41 MP: 7/7
  4948 | D:5      | Reached skill level 7 in Maces & Flails
  5210 | D:5      | Found Ylearuf's Antique Armour Shop.
  5500 | D:5      | Reached skill level 8 in Maces & Flails
  5630 | D:5      | Noticed Edmund
  5648 | D:5      | Killed Edmund
  5649 | D:5      | Reached XP level 8. HP: 22/46 MP: 8/8
  5836 | D:5      | Noticed Duvessa
  5836 | D:5      | Noticed Dowan
  5845 | D:5      | Killed Dowan
  5857 | D:5      | Killed Duvessa
  5858 | D:5      | Reached skill level 9 in Maces & Flails
  6275 | D:5      | Noticed Menkaure
  6284 | D:5      | Killed Menkaure
  6903 | D:6      | Reached skill level 10 in Maces & Flails
  7748 | D:6      | Reached skill level 11 in Maces & Flails
  7748 | D:6      | Reached XP level 9. HP: 33/51 MP: 9/9
  8020 | D:6      | Noticed a komodo dragon
  8022 | D:6      | Found a transporter.
  8024 | D:6      | Noticed a seven-headed hydra
  8025 | D:6      | Noticed a troll
  8034 | D:6      | Found a transporter.
  8044 | D:6      | Found a bloodstained altar of Trog.
  8283 | Temple   | Became a worshipper of the Shining One
  8358 | D:4      | Killed Crazy Yiuf
  8938 | D:7      | Reached skill level 12 in Maces & Flails
  8947 | D:7      | Reached * piety under the Shining One
  9189 | D:7      | Noticed Harold
  9203 | D:7      | Killed Harold
  9204 | D:7      | Reached skill level 13 in Maces & Flails
  9557 | D:7      | Found an iron altar of Okawaru.
  9682 | D:8      | Reached XP level 10. HP: 48/56 MP: 10/10
  9708 | D:8      | Noticed Maurice
  9722 | D:8      | Killed Maurice
  9762 | D:8      | Noticed a centaur warrior
  9765 | D:8      | Noticed a five-headed hydra
 11099 | D:9      | Found Peil's Assorted Antiques.
 11113 | D:9      | Bought a large bronze ring for 130 gold pieces
 11158 | D:9      | Found Xiapugop's Changing Room.
 11309 | D:9      | Identified a scroll of acquirement
 11309 | D:9      | Acquired 1066 gold pieces
 11310 | D:9      | Gained mutation: Your movements are slightly less
                  | encumbered by armour. (ER -2) [potion of mutation]
 11318 | D:9      | Reached skill level 14 in Maces & Flails
 11318 | D:9      | Engulfed by a cloud of flame

Illustrated notes

Levels and vault maps discovered:
D:1:      scummos_arrival_checkerplants, layout_basic, basic_ecumenical_altar,
          supply_closet_lemuel
D:2:      layout_loops_ring, basic_altar, fountainhead, hex_medium,
          minmay_3d_cube, uniq_jessica, uniq_terence
D:3:      layout_basic, gammafunk_ghost_mausoleum
D:4:      layout_basic, grunt_temple_overflow_open,
          minmay_temple_entry_drinking_statues, serial_shops, shop,
          nicolae_shop_behind_doors, interstate_on_off, uniq_crazy_yiuf_cottage,
          uniq_eustachio
D:5:      layout_basic, serial_shops, shop, kennysheep_generic_room_16,
          uniq_edmund, uniq_duvessa, uniq_menkaure
D:6:      layout_basic, gammafunk_temple_overflow_arena, chequers_garden
D:7:      layout_loops_ring, okawaru_altar_gauntlet_db, uniq_harold
D:8:      minmay_curly_fans, layout_loops_ring, serial_shops, shop, hex_tiny,
          minmay_misc_feat_chi, minmay_lindwurm_lava, uniq_pikel, uniq_maurice
D:9:      layout_stronghold, nicolae_hepliaklqana_monster_ancestors,
          serial_shops, nicolae_shop_overgrown_old_shop,
          nicolae_transmutations_shop
Temple:   chequers_temple_sunken

Skill      XL: |  1  2  3  4  5  6  7  8  9 10 |
---------------+-------------------------------+-----
Shields        | 4 |  4.2
Maces & Flails | 3 4 6 8 11 13 14 | 14.0
Dodging        | 1 |  1.0
Fighting       | |  3.5
Armour         | |  3.5
Stealth        | |  0.2

Action                   |  1- 3 |  4- 6 |  7- 9 | 10-12 || total
-------------------------+-------+-------+-------+-------++-------
Melee: Flail             |   108 |    67 |       |       ||   175
       Mace              |       |    99 |   375 |    40 ||   514
       Morningstar       |       |       |       |    49 ||    49
Evoke: Wand              |       |       |     5 |       ||     5
  Use: Scroll            |       |     2 |     4 |     7 ||    13
       Potion            |       |     2 |     3 |     8 ||    13
Armor: Scale mail        |    89 |   151 |   288 |   135 ||   663
       Skin              |       |       |       |    19 ||    19
Dodge: Dodged            |    52 |    73 |   124 |    67 ||   316
Block: Kite shield       |    75 |   108 |   197 |    79 ||   459

Table legend: (Time is in decaauts)
 A = Elapsed time spent in this place.
 B = Non-inter-level travel time spent in this place.
 C = Inter-level travel time spent in this place.
 D = Time resting spent in this place.
 E = Time spent auto-exploring this place.
 F = Levels seen in this place.
 G = Mean time per level.
                   A        B        C        D        E       F      G
               +--------+--------+--------+--------+--------+-----+--------+
         Total |  11563 |  10770 |    793 |   3676 |   5241 |  10 | 1156.3 |
       Dungeon |  11147 |  10441 |    706 |   3676 |   4926 |   9 | 1238.6 |
        Temple |    416 |    329 |     87 |      0 |    315 |   1 |  416.0 |
               +--------+--------+--------+--------+--------+-----+--------+

Top non-repeatable levels by time:
     D:5: 1857 daAuts
     D:6: 1713 daAuts
     D:7: 1619 daAuts
     D:4: 1536 daAuts
     D:1: 1243 daAuts
     D:2: 1194 daAuts
     D:3: 906 daAuts
     D:8: 680 daAuts
  Temple: 416 daAuts
     D:9: 395 daAuts
